 Dungeon Crawl Stone Soup version 0.18.1-50-g88ac8fd (webtiles) character file.

4214 GammafunkIsABaby the Summoner (level 10, -9/56 HPs)
             Began as a High Elf Ice Elementalist on June 9, 2018.
             Was a Follower of Ru.
             Mangled by a manticore (11 damage)
             ... on level 3 of the Lair of Beasts on June 10, 2018.
             The game lasted 00:46:59 (3501 turns).

GammafunkIsABaby the Summoner (HEIE)                Turns: 3501, Time: 00:47:00

Health: -9/56      AC:  8    Str:  8    XL:     10   Next: 9%
Magic:  4/25       EV: 13    Int: 23    God:    Ru [*.....]
Gold:   479        SH:  0    Dex: 17    Spells: 3 memorised, 8 levels left

rFire  . . .     SeeInvis .     J - +3 dagger (elec)
rCold  . . .     Gourm    .     l - +0 robe
rNeg   . . .     Faith    .     (no shield)
rPois  .         Spirit   .     (no helmet)
rElec  .         Dismiss  .     G - +2 cloak
rCorr  .         Reflect  .     (no gloves)
SustAt .         Harm     .     F - +2 pair of boots
MR     +....                    q - amulet of regeneration
Stlth  +.........               (no ring)
                                d - ring of magical power

@: confused, manticore barbs, no scrolls, somewhat resistant to hostile
enchantments, very unstealthy
A: talons 1, agile 1, inability to read while threatened, MP-powered wands
a: Renounce Religion


You were on level 3 of the Lair of Beasts.
You worshipped Ru.
Ru was aware of your devotion.
You were very hungry.

You visited 3 branches of the dungeon, and saw 16 of its levels.
You also visited: Ossuary.

You collected 479 gold pieces.

Inventory:

Hand Weapons
 a - a +2 mace of crushing
 c - a +0 spear of flaming
 i - a +0 dagger
 w - a +4 falchion
 J - a +3 dagger of electrocution (weapon)
Armour
 h - a cursed +0 buckler
 l - a +0 robe (worn)
 F - a +2 pair of boots (worn)
 G - a +2 cloak (worn)
Magical Staves
 s - an uncursed staff of energy
Jewellery
 d - a ring of magical power (left hand)
 q - an amulet of regeneration (around neck)
Wands
 I - a wand of lightning (0/15)
 K - a wand of lightning (3/15)
Scrolls
 n - a scroll of recharging
 p - 4 scrolls of magic mapping
 x - 3 scrolls of remove curse
 y - 4 scrolls of immolation
 C - 2 scrolls of noise
 L - a scroll of identify
Potions
 f - 6 potions of degeneration
 g - 2 potions of might
 o - a potion of curing
 u - a potion of ambrosia
Books
 b - a book of Frost

   Spells                             Type                      Level
   a - Freeze                         Ice                          1
   b - Throw Frost                    Conjuration/Ice              2
   c - Ozocubu's Armour               Charms/Ice                   3
   d - Throw Icicle                   Conjuration/Ice              4
   e - Summon Ice Beast               Ice/Summoning                4
 m - a book of Enchantments

   Spells                             Type                      Level
   a - Cause Fear                     Hexes                        4
   b - Yara's Violent Unravelling     Hexes/Transmutation          5
   c - Silence                        Hexes/Air                    5
   d - Deflect Missiles               Charms/Air                   6
   e - Haste                          Charms                       6
   f - Discord                        Hexes                        8
 t - a Grand Grimoire

   Spells                             Type                      Level
   a - Monstrous Menagerie            Summoning                    7
   b - Summon Greater Demon           Summoning                    7
   c - Malign Gateway                 Summoning/Translocation      7
   d - Summon Horrible Things         Summoning                    8
Miscellaneous
 k - a plain deck of defence {drawn: 7}
Comestibles
 j - 3 bread rations
 r - 7 fruits
 E - a slice of pizza
 M - a beef jerky


   Skills:
 - Level 2.1 Dodging
 - Level 2.1 Stealth
 + Level 3.5 Spellcasting
   Level 1.1 Conjurations
 - Level 12.3 Summonings
 - Level 5.1 Ice Magic


You had 8 spell levels left.
You knew the following spells:

 Your Spells              Type           Power        Failure   Level  Hunger
a - Freeze                Ice            ####         1%          1    None
B - Summon Ice Beast      Ice/Summ       #####...     3%          4    ####...
C - Ozocubu's Armour      Chrm/Ice       ###.....     14%         3    ###....


Dungeon Overview and Level Annotations

Branches:
Dungeon (12/15)            Temple (1/1) D:7            Lair (3/8) D:10
    Orc (0/2) D:10
  Swamp: Lair:3-6    Shoals: Lair:3-6     Snake: Lair:3-6    Spider: Lair:3-6

Altars:
Ashenzari
Cheibriados
Elyvilon
Gozag
Qazlal
Ru
Vehumet
Xom
Yredelemnul
The Shining One

Shops:
D:7 (

Annotations:
D:5 Sigmund
D:9 exclusion: statue
D:12 Maurice


Innate Abilities, Weirdness & Mutations

You cannot read scrolls while threatened.
You have sharp toenails.
You are agile. (Dex +2)
You expend magic power (3 MP) to strengthen your wands.


Message History

Aim: a manticore (heavily wounded)
You freeze the manticore.
The manticore is severely wounded.
Your ice beast hits the manticore.
Your ice beast freezes the manticore!
The manticore bites you! The manticore claws you.
The manticore closely misses you.
Your ice beast barely misses the manticore.
Unknown command.
Unknown command.
Evoke which item? (* to show all) (? for menu, Esc to quit)
Okay, then.
Drink which item? (? for menu, Esc to quit)
You are confused.
You feel invigorated.
Your ice beast hits the manticore but does no damage.
The manticore bites you!!
* * * LOW HITPOINT WARNING * * *
The manticore claws you but does no damage.
The manticore claws you!
You die...

### ## #.## ##
###### ##
.###..###.##
P.###..#P###.##.
..H.........
........<.......
..t.........
........tY.F....
.##..#...≈##
##......###F...#.
###.##r≈.≈#
###.Y.....#
.#...# .....#


P≈≈rr #.@HY.............. P...###rrrr≈ #.#.##....P#...##.. ......# rr≈r
#............... .. P.##..# ##r. ##..###..###...## ## ........# #......)......
.....##...####..#.##...# ........................ ...##.#.#..........#.# ....
.................. You could see a manticore and 2 friendly ice beasts.

Vanquished Creatures
  Urug (Lair:1)
  Joseph (Lair:1)
  A yak (D:9)
  2 hell hounds (D:10)
  2 porcupines (Lair:1)
  A big kobold (D:8)
  2 giant frogs
  2 crimson imps
  A jelly (D:8)
  A hound (D:4)
  An iguana (D:6)
  A hound skeleton (D:4)
  A mummy (Ossuary)
  A gnoll (D:8)
  4 adders
  A dart slug (D:1)
  3 giant geckos
  5 orcs
  2 giant cockroaches (D:1)
  2 gnoll zombies (Ossuary)
  6 goblins
  3 hobgoblins
  3 jackals (D:2)
  2 quokkas
  2 giant newts (D:1)
  A hobgoblin zombie (Ossuary)
  2 kobolds
  A kobold zombie (Ossuary)
  An orc zombie (Ossuary)
  9 rats
65 creatures vanquished.

Vanquished Creatures (collateral kills)
  A hill giant (D:11)
  A komodo dragon (D:11)
  A blink frog (Lair:3)
  2 wyverns
  5 yaks
  4 hippogriffs
  A soldier ant (D:11)
  5 porcupines
  An ice beast (D:7)
  A phantom (D:7)
  2 orc warriors
  A sky beast (D:8)
  4 ogres
  A centaur (D:9)
  4 crocodiles
  A giant frog (D:8)
  3 killer bees (D:9)
  2 centaur zombies (Ossuary)
  3 crimson imps
  A giant frog zombie (D:6)
  4 orc wizards
  2 orc priests (D:8)
  A jelly (D:10)
  2 giant frog skeletons (D:9)
  An iguana (D:8)
  A worker ant (D:9)
  4 mummies
  A howler monkey zombie (D:9)
  4 gnolls (D:8)
  A howler monkey skeleton (D:8)
  An adder (D:8)
  2 river rats (Lair:3)
  2 shadow imps
  13 orcs
  2 goblins (D:8)
  A gnoll zombie (Ossuary)
  5 kobolds (D:8)
91 creatures vanquished.

Vanquished Creatures (others)
  A fungus (Lair:1)
1 creature vanquished.

Grand Total: 157 creatures vanquished

Notes
Turn   | Place    | Note
--------------------------------------------------------------
     0 | D:1      | GammafunkIsABaby the High Elf Ice Elementalist began the quest for the Orb.
     0 | D:1      | Reached XP level 1. HP: 11/11 MP: 4/4
   161 | D:1      | Reached XP level 2. HP: 17/17 MP: 6/6
   473 | D:3      | Reached XP level 3. HP: 18/21 MP: 7/7
   478 | D:3      | Learned a level 3 spell: Ozocubu's Armour
   784 | D:4      | Reached skill level 5 in Ice Magic
   784 | D:4      | Reached XP level 4. HP: 22/27 MP: 8/8
   789 | D:4      | You fall through a shaft for 3 floors!
   800 | D:7      | Learned a level 4 spell: Summon Ice Beast
   800 | D:7      | Found a stormy altar of Qazlal.
   863 | D:8      | Reached skill level 1 in Summonings
   866 | D:8      | Found a basalt altar of Yredelemnul.
   951 | D:7      | Found an opulent altar of Gozag.
   956 | D:7      | Found a staircase to the Ecumenical Temple.
   963 | Temple   | Entered the Ecumenical Temple
   971 | Temple   | Became a worshipper of Ru the Awakened
  1017 | D:7      | Noticed an ice beast
  1063 | D:7      | Killed an ice beast
  1063 | D:7      | Reached skill level 2 in Summonings
  1063 | D:7      | Reached XP level 5. HP: 31/31 MP: 5/9
  1080 | D:7      | Noticed a phantom
  1099 | D:7      | Noticed a crocodile
  1101 | D:7      | Killed a crocodile
  1101 | D:7      | Reached skill level 3 in Summonings
  1137 | D:7      | Reached XP level 6. HP: 22/36 MP: 1/10
  1216 | D:6      | Reached skill level 4 in Summonings
  1261 | D:5      | Entered Level 5 of the Dungeon
  1317 | D:6      | Found a sand-covered staircase.
  1333 | Ossuary  | Entered an ossuary
  1652 | D:5      | Noticed Sigmund
  1702 | D:7      | Noticed a hippogriff
  1713 | D:7      | Killed a hippogriff
  1713 | D:7      | Reached skill level 5 in Summonings
  1713 | D:7      | Reached XP level 7. HP: 41/41 MP: 9/11
  1762 | D:7      | Noticed a hippogriff
  1770 | D:7      | Killed a hippogriff
  1780 | D:7      | Found Ograetys's Weapon Shop.
  1824 | D:7      | Reached skill level 6 in Summonings
  1864 | D:7      | Noticed a hippogriff
  1875 | D:7      | Killed a hippogriff
  2022 | D:8      | Reached skill level 7 in Summonings
  2061 | D:8      | Reached XP level 8. HP: 36/46 MP: 1/12
  2237 | D:8      | Reached skill level 8 in Summonings
  2334 | D:9      | Found a radiant altar of Vehumet.
  2350 | D:9      | Gained mutation: You cannot read scrolls while threatened. [Ru sacrifice]
  2350 | D:9      | Reached * piety under Ru
  2465 | D:9      | Reached skill level 9 in Summonings
  2597 | D:10     | Entered Level 10 of the Dungeon
  2603 | D:10     | Found a staircase to the Orcish Mines.
  2697 | D:12     | Reached skill level 10 in Summonings
  2697 | D:12     | Reached XP level 9. HP: 51/51 MP: 9/13
  2714 | D:12     | Noticed Maurice
  2731 | D:11     | Noticed a hill giant
  2739 | D:11     | Killed a hill giant
  2787 | D:11     | Noticed a komodo dragon
  2801 | D:11     | Killed a komodo dragon
  2960 | D:10     | Found a staircase to the Lair.
  2976 | D:10     | Reached skill level 11 in Summonings
  3030 | Lair:1   | Entered Level 1 of the Lair of Beasts
  3066 | Lair:1   | Gained mutation: You are agile. (Dex +2) [potion of mutation]
  3066 | Lair:1   | Gained mutation: You expend magic power (3 MP) to strengthen your wands. [potion of mutation]
  3066 | Lair:1   | Gained mutation: You have sharp toenails. [potion of mutation]
  3084 | Lair:1   | Noticed Urug
  3093 | Lair:1   | Killed Urug
  3120 | Lair:1   | Reached skill level 12 in Summonings
  3160 | Lair:1   | Noticed Joseph
  3214 | Lair:1   | Killed Joseph
  3214 | Lair:1   | Reached XP level 10. HP: 47/56 MP: 5/14
  3381 | Lair:3   | Noticed a griffon
  3415 | Lair:3   | Noticed an eight-headed hydra
  3485 | Lair:3   | Noticed a manticore
  3501 | Lair:3   | HP: 2/56 [manticore (23)]
  3501 | Lair:3   | Mangled by a manticore

Skill      XL: |  1  2  3  4  5  6  7  8  9 10 |
---------------+-------------------------------+-----
Ice Magic      | 4 5 |  5.1
Summonings     | 2 3 5 7 10 12 | 12.3
Spellcasting   | 3 |  3.5
Dodging        | |  2.1
Stealth        | |  2.1
Conjurations   | |  1.1

Action                   |  1- 3 |  4- 6 |  7- 9 | 10-12 || total
-------------------------+-------+-------+-------+-------++-------
Melee: Dagger            |     3 |       |       |     1 ||     4
       Mace              |     4 |    32 |    18 |       ||    54
       Falchion          |       |     7 |       |       ||     7
       Spear             |       |    14 |    82 |     9 ||   105
       Unarmed           |       |       |    20 |       ||    20
 Cast: Freeze            |    42 |    17 |     9 |     1 ||    69
       Summon Ice Beast  |       |    17 |    57 |    15 ||    89
       Ozocubu's Armour  |       |       |     2 |       ||     2
Invok: Sacrifice Words   |       |       |     1 |       ||     1
Evoke: Wand              |       |       |     9 |       ||     9
       Deck              |       |       |       |     7 ||     7
  Use: Scroll            |       |     8 |    15 |     4 ||    27
       Potion            |       |       |    11 |     4 ||    15
 Stab: Sleeping          |     1 |       |     2 |       ||     3
       Distracted        |       |     1 |     2 |       ||     3
  Eat: Royal jelly       |       |     1 |       |       ||     1
       Chunk             |       |     1 |    11 |     3 ||    15
       Bread ration      |       |     1 |     1 |       ||     2
       Fruit             |       |     1 |       |       ||     1
Armor: Robe              |     9 |     4 |    18 |     5 ||    36
       Skin              |       |       |    17 |       ||    17
Dodge: Dodged            |    43 |    34 |    61 |    17 ||   155
